 Dungeon Crawl Stone Soup version 0.23-a0-126-g19e28b46dc (webtiles) character file.

48 Blackbelt the Cudgeler (level 3, 0/20 HPs)
             Began as a Vine Stalker Berserker on Aug 26, 2018.
             Was a Follower of Trog.
             Slain by a frilled lizard (1 damage)
             ... on level 1 of the Dungeon.
             The game lasted 00:02:51 (954 turns).

Blackbelt the Cudgeler (Vine Stalker Berserker)      Turns: 954, Time: 00:02:52

Health: 0/20       AC:  2    Str: 19    XL:     3   Next: 72%
Magic:  0/4        EV: 12    Int:  7    God:    Trog [*.....]
Gold:   70         SH:  0    Dex: 14    Spells: 2/2 levels left

rFire    . . .     SeeInvis .   a - +0 mace
rCold    . . .     Gourm    .   (no shield)
rNeg     + . .     Faith    .   b - +0 animal skin
rPois    .         Spirit   +   (no helmet)
rElec    .         Reflect  .   (no cloak)
rCorr    .         Harm     .   (no gloves)
MR       .....                  (no boots)
Stlth    +.........             (no amulet)
HPRegen  0.06/turn              d - ring of positive energy
MPRegen  0.09/turn              (no ring)

@: berserk cooldown, slowed, very slow
A: fangs 2, magic shield, antimagic bite, no potion heal 3, rot immunity
a: Berserk, Renounce Religion


You were on level 1 of the Dungeon.
You worshipped Trog.
Trog was aware of your devotion.
You were hungry.

You visited 1 branch of the dungeon, and saw 1 of its levels.

You collected 70 gold pieces.

Inventory:

Hand Weapons
 a - a +0 mace (weapon)
Armour
 b - a +0 animal skin (worn)
Jewellery
 d - a ring of positive energy (left hand)
Scrolls
 e - a scroll of identify {unknown}
 g - a scroll of immolation {unknown}
 h - a scroll of enchant armour {unknown}
 i - a scroll of fear {unknown}
Comestibles
 c - 2 rations
 f - a chunk of flesh


   Skills:
 + Level 3.3 Fighting
 + Level 3.6 Maces & Flails
 - Level 1.5 Armour
 - Level 1.5 Dodging


You had 2 spell levels left.
You didn't know any spells.
Your spell library was empty.

Dungeon Overview and Level Annotations

Branches:
Dungeon (1/15)

Altars:


Innate Abilities, Weirdness & Mutations

You have extremely sharp teeth.
When hurt, damage is shared between your health and your magic reserves.
Your bite disrupts and absorbs the magic of your enemies.
Potions cannot restore your health.
You are immune to rotting.


Message History

You closely miss the hobgoblin. You bite the hobgoblin. You drain its power.
You feel invigorated.
The hobgoblin is moderately wounded.
The hobgoblin hits you. x2
You hit the hobgoblin but do no damage. You bite the hobgoblin.
You drain its power.
You feel invigorated.
The hobgoblin is moderately wounded.
The hobgoblin hits you. x2; The frilled lizard bites you.
* * * LOW HITPOINT WARNING * * *
Okay, then.
You aren't carrying any potions.
The hobgoblin hits you. The frilled lizard misses you. The hobgoblin hits you.
* * * LOW HITPOINT WARNING * * *
Items here: ) †††† a club; a jackal corpse; a goblin corpse; a rat corpse; a frilled lizard corpse The frilled lizard bites you.
* * * LOW HITPOINT WARNING * * *
The frilled lizard bites you.
You die...

##...######..###........#
....#<.##..####.......>#
..........#..#...'..#....#...#
..........#..#..##..#...#.....
..........#..'..##..#..##.....
..........####..#####.........
..........#.'..##########.....
..........###.†#....# #.....
..........##.@.'....# #.....
..........##l.####### #####.
..........)g..# #.
...############ #. . #. #. #.
#. ##


You could see a hobgoblin and a frilled lizard.

Vanquished Creatures
  A gnoll (D:1)
  A dart slug (D:1)
  A leopard gecko (D:1)
  A ball python (D:1)
  5 bats (D:1)
  A giant cockroach (D:1)
  A goblin (D:1)
  5 hobgoblins (D:1)
  9 jackals (D:1)
  A frilled lizard (D:1)
  2 kobolds (D:1)
  3 rats (D:1)
31 creatures vanquished.

Notes
Turn   | Place    | Note
-------+----------+-------------------------------------------
     0 | D:1      | Blackbelt the Vine Stalker Berserker began the quest for
                  | the Orb.
     0 | D:1      | Reached XP level 1. HP: 11/11 MP: 2/2
   175 | D:1      | Reached XP level 2. HP: 11/16 MP: 1/3
   495 | D:1      | Reached XP level 3. HP: 20/20 MP: 4/4
   953 | D:1      | HP: 1/20 [frilled lizard (2)]
   954 | D:1      | Slain by a frilled lizard

Vault maps used:
D:1:      dpeg_arrival_short_road, kennysheep_nondescript

Skill      XL: |  1  2 |
---------------+-------+-----
Maces & Flails | 3 |  3.6
Fighting       | 3 |  3.3
Armour         | |  1.5
Dodging        | |  1.5

Action                   || total
-------------------------++-------
Melee: Mace              ||    84
       Bite              ||    19
Invok: Berserk           ||     4
  Eat: Chunk             ||     3
Armor: Animal skin       ||    22
Dodge: Dodged            ||    70

Table legend:
 A = Non-vault XP
 B = Vault XP
 C = Vault XP percentage of total XP
 D = Non-vault monster count
 E = Vault monster count
 F = Vault count percentage of total count
                 A         B        C        D         E       F
            +---------+---------+-------+---------+---------+-------
      Total |      69 |       0 |   0.0 |      31 |       0 |   0.0
            +---------+---------+-------+---------+---------+-------
        D:1 |      69 |       0 |   0.0 |      31 |       0 |   0.0
            +---------+---------+-------+---------+---------+-------
